 Dungeon Crawl Stone Soup version 0.23.2-30-g0e89c35649 (webtiles) character file.

Game seed: 14312296138110598956

44 MalarOregon the Chiller (level 3, 0/28 HPs)
             Began as a Ghoul Ice Elementalist on June 21, 2019.
             Slain by a hobgoblin
             ... wielding a +0 club
              (1 damage)
             ... on level 2 of the Dungeon.
             The game lasted 00:02:38 (2555 turns).

MalarOregon the Chiller (Ghoul Ice Elementalist)    Turns: 2555, Time: 00:02:38

Health: 0/28       AC:  3    Str: 11    XL:     3   Next: 60%
Magic:  0/5        EV: 12    Int: 11    God:
Gold:   39         SH:  0    Dex:  9    Spells: 3/6 levels left

rFire    . . .     SeeInvis .   (no weapon)
rCold    + . .     Gourm    .   (no shield)
rNeg     + + +     Faith    .   a - +0 robe
rPois    ∞         Spirit   .   (no helmet)
rElec    .         Reflect  .   (no cloak)
rCorr    .         Harm     .   h - +0 pair of gloves
MR       .....                  (no boots)
Stlth    ++........             (no amulet)
HPRegen  0.00/turn              (no ring)
MPRegen  0.09/turn              (no ring)

@: rotting
A: rotting body, claws 1, carnivore, cold resistance 1, negative energy
resistance 3, inhibited regeneration, torment resistance, unbreathing
a: no special abilities


You were on level 2 of the Dungeon.
You were not hungry.

You visited 1 branch of the dungeon, and saw 2 of its levels.

You collected 39 gold pieces.

Inventory:

Armour
 a - a +0 robe (worn)
 h - a +0 pair of gloves (worn)
   (You found it on level 1 of the Dungeon)
Scrolls
 b - a scroll of enchant armour {unknown}
 c - 2 scrolls of magic mapping {unknown}
 d - a scroll of fear {unknown}
 f - a scroll of identify {unknown}
 j - a scroll of random uselessness {unknown}
 k - a scroll of blinking {unknown}
Potions
 g - a potion of berserk rage {unknown}
 i - a potion of degeneration {unknown}
Comestibles
 e - 5 rations {!d}


   Skills:
 + Level 1.5 Fighting
 + Level 2.3 Dodging
 - Level 2.1 Stealth
 + Level 2.2 Spellcasting
 - Level 0.7 Conjurations
 + Level 3.7 Ice Magic


You had 3 spell levels left.
You knew the following spells:

 Your Spells              Type           Power        Failure   Level  Hunger
a - Freeze                Ice            #...         6%          1    ##.....
x - Throw Frost           Conj/Ice       #.....       17%         2    ###....

Your spell library contained the following spells:

 Spells                   Type           Power        Failure   Level  Hunger
 Ozocubu's Armour         Chrm/Ice       #.......     36%         3    ####...
 Throw Icicle             Conj/Ice       #.......     75%         4    #####..
 Summon Ice Beast         Ice/Summ       #.......     78%         4    #####..


Dungeon Overview and Level Annotations

Branches:
Dungeon (2/15)

Altars:

Annotations:
D:2 Jessica


Innate Abilities, Weirdness & Mutations

Your body is rotting away.
You thrive on raw meat.
You are immune to poison.
You have sharp fingernails.
You are carnivorous and can eat meat at any time.
Your flesh is cold resistant. (rC+)
You are immune to negative energy. (rN+++)
You do not regenerate when monsters are visible.
You are immune to unholy pain and torment.
You can survive without breathing.


Message History

Jessica blinks!
Jessica mumbles some strange words.
Jessica blinks!
Jessica gestures wildly while chanting.
Jessica blinks!
You see here a bat corpse.
You butcher the bat corpse.
Things that are here:
a chunk of flesh; a bat skeleton Eat a chunk of flesh? (ye/n/q)
You eat the chunk of flesh.
This raw flesh tastes great!
Aim: Jessica, wielding a +0 dagger and wearing a cursed +0 robe (moderately wounded, fast)
You freeze Jessica. Jessica hits you with a +0 dagger.
* * * LOW HITPOINT WARNING * * *
Jessica shouts, "You are a ghastly nuisance!"
Jessica misses you.
You closely miss Jessica. Jessica barely misses you.
Jessica completely misses you.
Unknown command.
Jessica hits you but does no damage.
Aim: Jessica, wielding a +0 dagger and wearing a cursed +0 robe (moderately wounded, fast)
You miscast Freeze.
Nothing appears to happen.
Jessica gestures wildly while chanting.
Jessica blinks!
You hit Jessica but do no damage. Jessica hits you but does no damage.
You closely miss Jessica. Jessica hits you with a +0 dagger.
* * * LOW HITPOINT WARNING * * *
Jessica hits you but does no damage.
You closely miss Jessica.
Jessica gestures wildly while chanting.
Jessica blinks!
Jessica hits you with a +0 dagger.
* * * LOW HITPOINT WARNING * * *
Really walk into that teleport trap?
You enter a teleport trap!
The teleport trap disappears.
Your surroundings suddenly seem different.
You start resting.
Your magical contamination has completely faded away.
A hobgoblin comes into view. It is wielding a +0 club.
Aim: a hobgoblin, wielding a +0 club (hasn't noticed you)
You freeze the hobgoblin.
The hobgoblin shouts!
The hobgoblin drinks a potion.
The hobgoblin is healed!
Aim: a hobgoblin, wielding a +0 club You freeze the hobgoblin.
The hobgoblin barely misses you.
You hit the hobgoblin but do no damage. The hobgoblin hits you with a +0 club.
* * * LOW HITPOINT WARNING * * *
You hit the hobgoblin but do no damage. The hobgoblin hits you with a +0 club.
You die...

#.#.##..#.....#...#
................#
#...####......### #>#.#
#......# #.#.# ##.....#
....# #.....########
....# #.............
....# ###.##.g########
..#.#######.....@.......
)...........##.#.....###
##..##.###.......#####
##..#......##.>##
##....##.###..#
####....# #...# ###..#
###..# ..## <.# ....


You could see a hobgoblin.

Vanquished Creatures
  An adder (D:2)
  3 dart slugs (D:2)
  2 leopard geckos
  4 giant cockroaches
  A goblin (D:1)
  2 hobgoblins
  A quokka (D:2)
  3 bats
  A frilled lizard (D:1)
  4 kobolds
  4 rats
26 creatures vanquished.

Notes
Turn   | Place    | Note
-------+----------+-------------------------------------------
     0 | D:1      | MalarOregon the Ghoul Ice Elementalist began the quest for
                  | the Orb.
     0 | D:1      | Reached XP level 1. HP: 14/14 MP: 2/2
   915 | D:1      | Reached XP level 2. HP: 20/22 MP: 3/3
  1332 | D:1      | Reached skill level 1 in Fighting
  1486 | D:1      | Learned a level 2 spell: Throw Frost
  1650 | D:2      | Reached XP level 3. HP: 11/28 MP: 2/5
  2498 | D:2      | Noticed Jessica
  2535 | D:2      | HP: 1/28 [Jessica/+0 dagger (2)]
  2554 | D:2      | HP: 1/28 [hobgoblin/+0 club (2)]
  2555 | D:2      | Slain by a hobgoblin

Skill      XL: |  1  2 |
---------------+-------+-----
Dodging        | 2 |  2.3
Fighting       | 1 |  1.5
Spellcasting   | 2 |  2.2
Stealth        | |  2.1
Conjurations   | |  0.7
Ice Magic      | |  3.7

Action                   || total
-------------------------++-------
Melee: Unarmed           ||   204
 Cast: Freeze            ||    17
 Stab: Sleeping          ||     2
  Eat: Chunk             ||    11
Armor: Robe              ||    52
Dodge: Dodged            ||   127
